 Dungeon Crawl Stone Soup version 0.20.0-15-g7f486f2 (webtiles) character file.

146 KleinerIrrer the Covered (level 5, -14/41 HPs)
             Began as a Formicid Fighter on June 30, 2017.
             Demolished by Pikel
             ... wielding a +1 whip of electrocution
              (16 damage)
             ... on level 4 of the Dungeon.
             The game lasted 00:05:38 (2743 turns).

KleinerIrrer the Covered (Formicid Fighter)         Turns: 2743, Time: 00:05:39

Health: -14/41     AC: 11    Str: 20    XL:     5   Next: 53%
Magic:  5/5        EV: 11    Int: 13    God:
Gold:   65         SH: 10    Dex: 16    Spells: 4/4 levels left

rFire    . . .     SeeInvis +   a - +0 long sword
rCold    . . .     Gourm    .   c - +0 shield
rNeg     . . .     Faith    .   d - +1 chain mail {rPois}
rPois    +         Spirit   .   (helmet unavailable)
rElec    .         Reflect  .   (no cloak)
rCorr    .         Harm     .   (no gloves)
MR       .....                  (no boots)
Stlth    ..........             (no amulet)
Regen    0.2/turn               (no ring)
MPRegen  0.1/turn               (no ring)

@: brilliant, agile, flying
A: permanent stasis, dig shafts and tunnels, four strong arms, antennae 3
a: Dig, Shaft Self


You were on level 4 of the Dungeon.
You were not hungry.

You visited 1 branch of the dungeon, and saw 4 of its levels.

You collected 65 gold pieces.

Inventory:

Hand Weapons
 a - a +0 long sword (weapon)
 m - a +2 dagger of pain
Armour
 b - a +0 scale mail
 c - a +0 shield (worn)
 d - a +1 chain mail of poison resistance (worn)
 l - a +0 plate armour
Wands
 f - a wand of scattershot (4/9)
Scrolls
 e - 3 scrolls of remove curse {unknown}
 g - a scroll of noise {unknown}
 i - a scroll of fear {unknown}
 p - a scroll of teleportation {unknown}
 r - a scroll of identify {unknown}
Potions
 h - a potion of brilliance
 j - 2 potions of flight
 k - a potion of cancellation {unknown}
Comestibles
 n - a meat ration
 o - a bread ration


   Skills:
 - Level 3.2 Fighting
 + Level 2.1 Long Blades
 - Level 6.3 Armour
 - Level 3.6 Shields


You had 4 spell levels left.
You didn't know any spells.

Dungeon Overview and Level Annotations

Branches:
Dungeon (4/15)
 Temple: D:4-7

Altars:
Hepliaklqana
Makhleb
Okawaru
Ru

Annotations:
D:4 Pikel


Innate Abilities, Weirdness & Mutations

You cannot be hasted, slowed, berserked, paralysed or teleported.
You can dig through walls and to a lower floor.
Your four strong arms can wield two-handed weapons with a shield.
You have a pair of large antennae on your head. (SInv)


Message History

You hit the slave but do no damage.
The slave is lightly wounded.
You block the slave's attack.
You closely miss the slave.
The slave is lightly wounded.
You block the slave's attack. The slave hits you but does no damage.
It was a potion of flight.
You feel very buoyant.
You fly up into the air.
You feel agile all of a sudden.
It was a potion of brilliance.
You feel clever all of a sudden. Pikel hits you but does no damage.
Your shield and chain mail prevent you from hitting Pikel.
Pikel hits you but does no damage.
You miss Pikel.
Pikel hits you with a whip of electrocution.
* * * LOW HITPOINT WARNING * * *
You are electrocuted!
You die...

........%#
#...........#####
#.........#
#.###########
#.........###.#
##.......(...(.#
#........^.#.#......#
#............#####...
...........## ?#
..........p######...#
{####/....pppK@.....#
..##...#..#########...).
.........## ..#
............... .
..........####.
..........# ........###
..##...## # #### {


You could see Pikel and 4 slaves.

Vanquished Creatures
  2 orc wizards (D:3)
  2 adders
  A dart slug (D:1)
  3 leopard geckos
  8 orcs (D:3)
  2 giant cockroaches (D:1)
  3 goblins
  8 hobgoblins
  4 jackals (D:2)
  A quokka (D:3)
  5 bats
  A frilled lizard (D:2)
  8 kobolds
  11 rats
59 creatures vanquished.

Notes
Turn   | Place    | Note
-------+----------+-------------------------------------------
     0 | D:1      | KleinerIrrer the Formicid Fighter began the quest for the Orb.
     0 | D:1      | Reached XP level 1. HP: 18/18 MP: 1/1
    64 | D:1      | Reached XP level 2. HP: 24/24 MP: 2/2
    87 | D:1      | Reached skill level 4 in Armour
   261 | D:1      | Reached XP level 3. HP: 29/29 MP: 3/3
   944 | D:2      | Reached skill level 5 in Armour
  1082 | D:2      | Reached XP level 4. HP: 31/35 MP: 4/4
  1122 | D:2      | Found an iron altar of Okawaru.
  1911 | D:3      | Found a sacrificial altar of Ru.
  2158 | D:3      | Reached XP level 5. HP: 20/41 MP: 5/5
  2163 | D:3      | Reached skill level 6 in Armour
  2475 | D:3      | Found a hazy altar of Hepliaklqana.
  2616 | D:3      | Found a burning altar of Makhleb.
  2717 | D:4      | Noticed a slave
  2718 | D:4      | Noticed Pikel
  2720 | D:4      | Noticed a slave
  2720 | D:4      | Noticed a slave
  2721 | D:4      | Noticed a slave
  2743 | D:4      | HP: 2/41 [Pikel/whip of electrocution (4)]
  2743 | D:4      | Demolished by Pikel

Skill      XL: |  1  2  3  4  5 |
---------------+----------------+-----
Armour         | 4 5 6 |  6.3
Fighting       | |  3.2
Long Blades    | |  2.1
Shields        | |  3.6

Action                   |  1- 3 |  4- 6 || total
-------------------------+-------+-------++-------
Melee: Long sword        |   108 |    71 ||   179
       Dagger            |       |    38 ||    38
  Use: Potion            |       |     4 ||     4
  Eat: Chunk             |     1 |     1 ||     2
       Bread ration      |       |     1 ||     1
Armor: Scale mail        |    53 |    22 ||    75
       Chain mail        |       |    16 ||    16
Dodge: Dodged            |    48 |    24 ||    72
Block: Shield            |    60 |    46 ||   106
       Rpst.: Long sword |    13 |     4 ||    17
